 Dungeon Crawl Stone Soup version 0.30.0-3-ga4e48a9924 (webtiles) character file.

Game seed: 2968868113857720291

116 jimonade the Ducker (level 5, -1/41 HPs)
             Began as a Djinni Monk on May 7, 2023.
             Slain by a hornet (7 damage)
             ... on level 3 of the Dungeon.
             The game lasted 00:03:40 (2696 turns).

jimonade the Ducker (Djinni Monk)                   Turns: 2696, Time: 00:03:41

Health: -1/41      AC: 12    Str: 12    XL:     5   Next: 21%
Gold:   126        EV: 12    Int: 12    God:
                   SH:  0    Dex: 21

rFire   + + .        a - +0 dagger (protect)
rCold   x . .        d - orb {light}
rNeg    . . .        j - +0 ring mail
rPois   ∞            (no helmet)
rElec   .            (no cloak)
rCorr   .            (no gloves)
SInv    .            (boots unavailable)
Will    +....        y - amulet of the acrobat
Stlth   +            i - +6 ring of dexterity
HPRegen 0.26/turn    s - ring of willpower
MPRegen 0.00/turn

%: acrobat, infuse magic (-2 HP)
@: under a protective aura, flying, glowing
A: sickness immunity, fire resistance 2, cold vulnerability 1, float, innate
caster, HP casting, extra vitality 1
a: no special abilities


You were on level 3 of the Dungeon.
You visited 1 branch of the dungeon, and saw 4 of its levels.

You collected 126 gold pieces.

Inventory:

Hand Weapons
 a - a +0 dagger of protection (weapon)
 u - a +0 falchion
 z - a +0 sling
Missiles
 A - 4 silver javelins (quivered)
Armour
 b - a +0 robe
 d - an orb of light (worn)
 j - a +0 ring mail (worn)
Magical Staves
 g - a staff of air
 v - a staff of fire
Jewellery
 i - a +6 ring of dexterity (left hand)
 s - a ring of willpower (right hand)
 y - an amulet of the acrobat (around neck)
Scrolls
 f - a scroll of fear {unknown}
 h - 3 scrolls of teleportation {unknown}
 k - a scroll of vulnerability {unknown}
 o - 5 scrolls of blinking {unknown}
 p - 3 scrolls of poison {unknown}
 q - a scroll of noise {unknown}
 r - a scroll of enchant armour {unknown}
 t - 3 scrolls of fog {unknown}
Potions
 c - a potion of ambrosia
 e - 2 potions of curing {unknown}
 l - a potion of resistance {unknown}
 m - 4 potions of mutation {unknown}
 n - 2 potions of might {unknown}
 w - a potion of lignification {unknown}
 x - a potion of cancellation {unknown}


   Skills:
 + Level 3.7 Fighting
 + Level 3.7 Long Blades
 + Level 0.6 Armour
 + Level 3.8 Dodging
 * Level 1.1 Spellcasting


You knew the following spells:

 Your Spells              Type           Power      Damage    Failure   Level
a - Kiss of Death         Conj/Necr      12%        2d6       38%         1
b - Momentum Strike       Conj/Tloc      6%         3d8       54%         2
Your spell library was empty.

Dungeon Overview and Level Annotations

Branches:
Dungeon (4/15)
 Temple: D:4-7

Altars:
The Shining One


Innate Abilities, Weirdness & Mutations

You are immune to sickness and miasma.
You are immune to poison.
Your flesh is very heat resistant. (rF++)
You are vulnerable to cold. (rC-)
You float through the air rather than walking.
You learn spells naturally, not from books.
Your magical power is your life essence.
You have superior vitality. (+4 MHP)


Message History

HP restored.
You fly downwards.
The endoplasm freezes you.
You are frozen.
You feel a terrible chill! The hornet closely misses you.
The endoplasm hits you.
The hornet stings you but does no damage.
There is a stone staircase leading up here.
The hornet closely misses you. The endoplasm barely misses you.
You fly upwards.
There is a stone staircase leading down here.
You hit the endoplasm.
Your weapon exudes an aura of protection.
The endoplasm is lightly wounded.
The hornet barely misses you.
The endoplasm hits you but does no damage.
You hit the endoplasm.
The endoplasm is moderately wounded.
The hornet stings you!
The hornet stings you but does no damage.
The endoplasm freezes you.
You are frozen.
You feel a terrible chill!
You hit the endoplasm.
The endoplasm is almost dead.
The hornet stings you!
* * * LOW HITPOINT WARNING * * *
The endoplasm closely misses you.
You hit the endoplasm but do no damage.
The endoplasm is almost dead.
The hornet stings you.
* * * LOW HITPOINT WARNING * * *
The hornet stings you but does no damage.
You hit the endoplasm but do no damage.
The endoplasm is almost dead.
The endoplasm hits you.
* * * LOW HITPOINT WARNING * * *
The hornet closely misses you.
You hit the endoplasm.
You kill the endoplasm!
The hornet stings you!
You die...

....................'...'..# #.
.####################...#### #.
.......................## ####.
.#######.............#.# #.##. .#
#.............#.# #.##.
.#######.............#.######.###
.....................'...........
.#######.......††y...#.######....
.# #########@................ .#
#........[........ .#
#.#####.######.### .# #.# #.#
#....
.###############.#####.######....
..........................)##....
.......................####......
.###############.#####.# ###....
.# #.#####.#### #....


You could see a hornet.

Vanquished Creatures
  5 adders (D:2)
  A worm (D:3)
  2 dart slugs
  4 orcs
  3 ball pythons
  9 endoplasms
  A giant cockroach (D:1)
  5 hobgoblins
  5 jackals
  4 kobolds (D:1)
  3 quokkas
  2 ball python skeletons (D:3)
  4 bats
  5 goblins
  A quokka skeleton (D:3)
  A quokka zombie (D:3)
  3 rats
58 creatures vanquished.

Vanquished Creatures (others)
  A withered plant (D:3)
1 creature vanquished.

Grand Total: 59 creatures vanquished

Notes
Turn   | Place    | Note
-------+----------+-------------------------------------------
     0 | D:1      | jimonade the Djinni Monk began the quest for the Orb.
     0 | D:1      | Reached XP level 1. HP: 20/20 MP: 0/0
   122 | D:1      | Reached XP level 2. HP: 24/25 MP: 0/0
   536 | D:1      | Reached XP level 3. HP: 30/30 MP: 0/0
   536 | D:1      | Learned a level 1 spell: Kiss of Death
  1180 | D:2      | Reached XP level 4. HP: 35/35 MP: 0/0
  1281 | D:2      | Reached skill level 1 in Spellcasting
  1351 | D:2      | Found a faded altar of an unknown god.
  1552 | D:2      | Reached XP level 5. HP: 20/40 MP: 0/0
  1552 | D:2      | Learned a level 2 spell: Momentum Strike
  2180 | D:3      | Found a glowing golden altar of the Shining One.
  2641 | D:4      | Noticed a hornet
  2696 | D:3      | Slain by a hornet

Illustrated notes

Levels and vault maps discovered:
D:1:      wander_arrival_desolate, layout_loops_corners,
          hangedman_decor_diamond_cutter
D:2:      layout_basic, chequers_ecumenical_altar_twisty
D:3:      layout_basic, mainiacjoe_overflow_catwalk, serial_undead,
          serial_undead_a, serial_undead_e, serial_undead_c, serial_undead_b,
          grunt_ministairs_7
D:4:      layout_basic, temple_green, st_stairs_5

Skill      XL: |  1  2  3  4 |
---------------+-------------+-----
Long Blades    | 3 |  3.7
Spellcasting   | 1 |  1.1
Fighting       | |  3.7
Armour         | |  0.6
Dodging        | |  3.8

Action                     |  1- 3 |  4- 6 || total
---------------------------+-------+-------++-------
  Melee: Falchion          |    73 |    62 ||   135
         Dagger            |       |    49 ||    49
 Armour: Robe              |    12 |       ||    12
         Ring mail         |     1 |    37 ||    38
  Dodge: Dodged            |    77 |    72 ||   149
